 Dungeon Crawl Stone Soup version 0.26-a0-639-g72c4674329 (webtiles) character file.

Game seed: 14308074430242009621

(classic levelgen) 49 EnegeticOcto the Covered (level 3, -2/34 HPs)
             Began as a Deep Dwarf Fighter on Sept 28, 2020.
             Slain by Edmund
             ... wielding a +2 dire flail of draining
              (4 damage)
             ... on level 4 of the Dungeon.
             The game lasted 00:00:23 (626 turns).

EnegeticOcto the Covered (Deep Dwarf Fighter)        Turns: 626, Time: 00:00:23

Health: -2/34      AC:  6    Str: 20    XL:     3   Next: 51%
Magic:  3/3        EV:  6    Int:  8    God:
Gold:   91         SH:  8    Dex: 12    Spells: 2/2 levels left

rFire    . . .     SeeInvis .   a - +0 war axe
rCold    . . .     Faith    .   c - +0 kite shield
rNeg     . . .     Spirit   .   b - +0 scale mail
rPois    .         Reflect  .   (no helmet)
rElec    .         Harm     .   (no cloak)
rCorr    .         Rampage  .   (no gloves)
MR       .....                  (no boots)
Stlth    ..........             (no amulet)
HPRegen  0.00/turn              (no ring)
MPRegen  0.08/turn              (no ring)

@: lethally poisoned (-2 -> -5), non-regenerating, heavily drained
A: damage resistance, heal wounds, sense surroundings 1, no regeneration
a: Heal Wounds


You were on level 4 of the Dungeon.
You visited 1 branch of the dungeon, and saw 4 of its levels.

You collected 91 gold pieces.

Inventory:

Hand Weapons
 a - a +0 war axe (weapon)
Armour
 b - a +0 scale mail (worn)
 c - a +0 kite shield (worn)
Scrolls
 f - 2 scrolls of remove curse {unknown}
 g - a scroll of teleportation {unknown}
 i - a scroll of identify {unknown}
Potions
 d - a potion of might {@q3}
 e - a potion of heal wounds {unknown}
 h - a potion of curing {unknown}
 j - a potion of degeneration {unknown}


   Skills:
 + Level 3.0(0.6) Fighting
 * Level 3.2(0.8) Axes
 + Level 3.7(1.3) Armour
 + Level 3.7(1.2) Shields


You had 2 spell levels left.
You didn't know any spells.
Your spell library was empty.

Dungeon Overview and Level Annotations

Branches:
Dungeon (4/15)
 Temple: D:4-7

Altars:

Annotations:
D:4 Edmund


Innate Abilities, Weirdness & Mutations

You are resistant to damage.
You can heal yourself by infusing magical energy.
You passively map a small area around you.
You do not regenerate.


Message History

You are too injured to fight recklessly!
You are too injured to fight recklessly!
You are too injured to fight recklessly!
You are too injured to fight recklessly!
You are too injured to fight recklessly!
You are too injured to fight recklessly!
You are too injured to fight recklessly!
You are too injured to fight recklessly!
You are too injured to fight recklessly!
You are too injured to fight recklessly!
You are too injured to fight recklessly!
You are too injured to fight recklessly!
You are too injured to fight recklessly!
You are too injured to fight recklessly!
You are too injured to fight recklessly!
You feel much better. Edmund barely misses you.
You block the scorpion's attack.
You slash Edmund!
Edmund is heavily wounded.
You barely miss the scorpion. You block Edmund's attack.
The scorpion stings you but does no damage.
Edmund hits you with a +2 dire flail of draining!
You feel drained.
You closely miss Edmund.
Edmund is heavily wounded.
You hit the scorpion. The scorpion closely misses you.
Edmund hits you with a +2 dire flail of draining!
You feel drained. The scorpion stings you.
You are poisoned.
The scorpion poisons you!
You barely miss Edmund.
Edmund is heavily wounded.
You hit the scorpion.
Edmund hits you with a +2 dire flail of draining!
* * * LOW HITPOINT WARNING * * *
You feel drained.
* * * LOW HITPOINT WARNING * * *
The scorpion barely misses you.
You are too injured to fight recklessly!
You are too injured to fight recklessly!
You are too injured to fight recklessly!
You are too injured to fight recklessly!
You are too injured to fight recklessly!
You are too injured to fight recklessly!
You are too injured to fight recklessly!
You are too injured to fight recklessly!
You are too injured to fight recklessly!
You are too injured to fight recklessly!
You are too injured to fight recklessly!
You feel much better. You block Edmund's attack.
You block the scorpion's attack.
You barely miss Edmund.
Edmund is heavily wounded.
You barely miss the scorpion. The scorpion stings you.
You are more poisoned.
The scorpion poisons you! You block Edmund's attack.
The scorpion stings you but does no damage.
Edmund hits you but does no damage.
You feel drained.
You hit Edmund.
Edmund is severely wounded.
You closely miss the scorpion. The scorpion stings you.
You are more poisoned.
The scorpion poisons you! You block Edmund's attack.
You block the scorpion's attack.
You closely miss Edmund.
Edmund is severely wounded.
You closely miss the scorpion.
You feel very sick. You block Edmund's attack. The scorpion stings you.
You are more poisoned.
The scorpion poisons you!
Edmund hits you with a +2 dire flail of draining!
You feel drained.
* * * LOW HITPOINT WARNING * * *
You are too injured to fight recklessly!
You are too injured to fight recklessly!
You are too injured to fight recklessly!
You are too injured to fight recklessly!
You are too injured to fight recklessly!
You are too injured to fight recklessly!
You are too injured to fight recklessly!
You are too injured to fight recklessly!
You hit Edmund.
Edmund is severely wounded.
Your scale mail prevents you from hitting the scorpion.
* * * LOW HITPOINT WARNING * * *
You feel very sick. You block the scorpion's attack.
An orc comes into view. It is wielding a +0 hand axe.
Edmund mutters, "Who needs spells, anyway?"
You block Edmund's attack.
The scorpion stings you but does no damage.
You barely miss Edmund.
Edmund is severely wounded.
The orc shouts!
You hit the scorpion.
* * * LOW HITPOINT WARNING * * *
You feel very sick.
Edmund hits you with a +2 dire flail of draining.
You die...

* , * ##.....## *
#.......# ,
#.!.....####*
#?......##.. *
##*#...$.....#* ,
...##..s. *..## #
......s@####..##.#
,
#...@...#...#.####
,
####.##..o........
#.#####>.#.### #.#
#..#.### , #.#
#......## #.#
##.#.....
#.######.##..[.
..##......#.#.. ,
*+###<.....#.# #


You could see Edmund, a scorpion, an orc and a giant cockroach.

Vanquished Creatures
  3 adders
  An ufetubus (D:4)
  3 orcs (D:3)
  3 bats
  2 frilled lizards
  3 kobolds
  A rat (D:3)
16 creatures vanquished.

Notes
Turn   | Place    | Note
-------+----------+-------------------------------------------
     0 | D:1      | EnegeticOcto the Deep Dwarf Fighter began the quest for the
                  | Orb.
     0 | D:1      | Reached XP level 1. HP: 20/20 MP: 1/1
   111 | D:2      | Reached XP level 2. HP: 27/27 MP: 2/2
   436 | D:3      | Reached XP level 3. HP: 20/33 MP: 3/3
   611 | D:4      | Noticed Edmund
   612 | D:4      | Noticed a scorpion
   626 | D:4      | Slain by Edmund

Illustrated notes

Levels and vault maps discovered:
D:1:      mushboom_english_gardens, layout_basic
D:2:      layout_basic, minmay_misc_feat_plants
D:3:      layout_basic, chequers_ecumenical_altar_simple, grunt_ministairs_9,
          nrook_campfire, uniq_robin
D:4:      layout_rooms, grunt_temple_overflow_opulence, uniq_edmund

Skill      XL: |  1  2  3 |
---------------+----------+-----
Axes           | 3 |  3.2
Fighting       | 3 |  3.0
Armour         | |  3.7
Shields        | |  3.7

Action                   || total
-------------------------++-------
Melee: War axe           ||   106
 Abil: Heal Wounds       ||     4
Armor: Scale mail        ||    57
Dodge: Dodged            ||    41
Block: Kite shield       ||    79

Table legend: (Time is in decaauts)
 A = Elapsed time spent in this place.
 B = Non-inter-level travel time spent in this place.
 C = Inter-level travel time spent in this place.
 D = Time resting spent in this place.
 E = Time spent auto-exploring this place.
 F = Levels seen in this place.
 G = Mean time per level.
                   A        B        C        D        E       F      G
               +--------+--------+--------+--------+--------+-----+--------+
         Total |    671 |    638 |     33 |      0 |    426 |   4 |  167.8 |
       Dungeon |    671 |    638 |     33 |      0 |    426 |   4 |  167.8 |
               +--------+--------+--------+--------+--------+-----+--------+

Top non-repeatable levels by time:
     D:3: 380 daAuts
     D:2: 153 daAuts
     D:1: 87 daAuts
     D:4: 49 daAuts
